 Dungeon Crawl Stone Soup version 0.25-a0-842-g81a31cfd23 (webtiles) character file.

Game seed: 1856830460576520146, levelgen mode: deterministic

154 KiliKikkendorf the Slasher (level 5, 0/45 HPs)
             Began as a Minotaur Gladiator on Apr 24, 2020.
             Succumbed to a killer bee's poison
             ... on level 3 of the Dungeon.
             The game lasted 00:04:52 (1582 turns).

KiliKikkendorf the Slasher (Minotaur Gladiator)     Turns: 1582, Time: 00:04:52

Health: 0/45       AC:  6    Str: 20    XL:     5   Next: 13%
Magic:  4/4        EV: 11    Int:  5    God:
Gold:   84         SH:  0    Dex: 11    Spells: 4/4 levels left

rFire    . . .     SeeInvis .   a - +0 long sword
rCold    . . .     Gourm    .   (no shield)
rNeg     . . .     Faith    .   l - +0 scale mail
rPois    .         Spirit   .   c - +0 hat
rElec    .         Reflect  .   (no cloak)
rCorr    .         Harm     .   (no gloves)
MR       .....                  (no boots)
Stlth    ..........             (no amulet)
HPRegen  0.15/turn              (no ring)
MPRegen  0.09/turn              (no ring)

@: lethally poisoned (0 -> -17)
A: retaliatory headbutt, horns 2
a: no special abilities


You were on level 3 of the Dungeon.
You were not hungry.

You visited 1 branch of the dungeon, and saw 3 of its levels.

You collected 84 gold pieces.

Inventory:

Hand Weapons
 a - a +0 long sword (weapon)
Missiles
 d - 3 throwing nets (quivered)
Armour
 c - a +0 hat (worn)
 l - a +0 scale mail (worn)
Scrolls
 e - a scroll of teleportation
 g - 2 scrolls of remove curse
 h - a scroll of identify
Comestibles
 f - 7 rations
 o - 2 chunks of flesh


   Skills:
 + Level 3.0 Fighting
 + Level 5.8 Long Blades
 - Level 2.0 Throwing
 + Level 1.2 Armour
 - Level 3.4 Dodging
 * Level 2.3 Unarmed Combat


You had 4 spell levels left.
You didn't know any spells.
Your spell library was empty.

Dungeon Overview and Level Annotations

Branches:
Dungeon (3/15)

Altars:


Innate Abilities, Weirdness & Mutations

You reflexively headbutt those who attack you in melee.
You have a pair of horns on your head.


Message History

* * * LOW HITPOINT WARNING * * *
You are lethally poisoned!
The killer bee poisons you!
You feel much better.
You feel sick. The killer bee closely misses you.
You riposte.
You miss the killer bee.
The killer bee is heavily wounded.
The killer bee stings you.
You feel sick.
You feel sick. The killer bee stings you!
* * * LOW HITPOINT WARNING * * *
You are more poisoned.
The killer bee poisons you! The killer bee barely misses you.
You riposte.
You miss the killer bee. Your headbutt misses the killer bee.
The killer bee is heavily wounded.
* * * LOW HITPOINT WARNING * * *
You feel sick.
The killer bee stings you but does no damage.
The killer bee stings you.
* * * LOW HITPOINT WARNING * * *
You die...

#.# .# #.##.# ##......(....
#.#.. ............ #.#.#
#........... ###.#.#
........... #.....#
..........
#.....#############.........
#...(#........y.##s.........
#....#......@.y.KlyK....[...
######..........############
#..........# ############


You could see 3 killer bees, a giant cockroach, 2 kobolds and a frilled lizard.

Vanquished Creatures
  A killer bee (D:3)
  5 adders
  2 worms
  3 dart slugs (D:2)
  3 leopard geckos
  2 giant cockroaches
  5 goblins (D:2)
  7 hobgoblins
  4 jackals (D:2)
  A quokka (D:2)
  4 bats
  6 frilled lizards
  3 kobolds (D:2)
  4 rats
50 creatures vanquished.

Notes
Turn   | Place    | Note
-------+----------+-------------------------------------------
     0 | D:1      | KiliKikkendorf the Minotaur Gladiator began the quest for
                  | the Orb.
     0 | D:1      | Reached XP level 1. HP: 18/18 MP: 0/0
   269 | D:1      | Reached skill level 4 in Long Blades
   274 | D:1      | Reached XP level 2. HP: 24/25 MP: 1/1
   544 | D:2      | Reached skill level 1 in Unarmed Combat
   610 | D:2      | Reached XP level 3. HP: 22/30 MP: 2/2
   970 | D:2      | Reached skill level 1 in Armour
  1006 | D:2      | Reached XP level 4. HP: 37/38 MP: 3/3
  1129 | D:2      | Reached skill level 5 in Long Blades
  1573 | D:3      | Reached XP level 5. HP: 25/45 MP: 4/4
  1581 | D:3      | HP: 2/45 [killer bee (4)]
  1582 | D:3      | Succumbed to a killer bee's poison

Levels and vault maps discovered:
D:1:      scummos_arrival_gate, layout_loops_cross
D:2:      layout_loops_ring, serial_aquarium, aquarium_bridge_island_small
          [aquarium_subvault_small_water, aquarium_subvault_window,
          aquarium_subvault_wall, aquarium_subvault_bridge,
          aquarium_subvault_bridge], aquarium_window_fake,
          aquarium_window_corridor_1, aquarium_window_2, aquarium_window_fake,
          aquarium_view_4, aquarium_balcony_1b, aquarium_pool_four
D:3:      layout_rooms

Skill      XL: |  1  2  3  4 |
---------------+-------------+-----
Long Blades    | 4 5 |  5.8
Unarmed Combat | 1 2 |  2.3
Fighting       | 3 |  3.0
Armour         | 1 |  1.2
Throwing       | |  2.0
Dodging        | |  3.4

Action                   |  1- 3 |  4- 6 || total
-------------------------+-------+-------++-------
Melee: Long sword        |    56 |    34 ||    90
       Headbutt          |     9 |    11 ||    20
  Use: Potion            |       |     5 ||     5
       Scroll            |       |     4 ||     4
  Eat: Chunk             |       |     2 ||     2
Armor: Leather armour    |    16 |       ||    16
       Scale mail        |     2 |    20 ||    22
Dodge: Dodged            |    40 |    27 ||    67
       Rpst.: Long sword |     8 |     9 ||    17

Table legend:
 A = Non-vault XP
 B = Vault XP
 C = Vault XP percentage of total XP
 D = Non-vault monster count
 E = Vault monster count
 F = Vault count percentage of total count
                 A         B        C        D         E       F
            +---------+---------+-------+---------+---------+-------
      Total |     221 |       0 |   0.0 |      50 |       0 |   0.0
            +---------+---------+-------+---------+---------+-------
        D:1 |      17 |       0 |   0.0 |      10 |       0 |   0.0
        D:2 |     112 |       0 |   0.0 |      31 |       0 |   0.0
        D:3 |      92 |       0 |   0.0 |       9 |       0 |   0.0
            +---------+---------+-------+---------+---------+-------
